 Dungeon Crawl Stone Soup version 0.31.0-32-g396128a36d (webtiles) character file.

Game seed: 14391511061318222929

1740 jinsong the Ruffian (level 8, -6/78 HPs)
             Began as a Troll Berserker on Apr 14, 2024.
             Was an Elder of Trog.
             Mangled by an ice beast (11 damage)
             ... on level 6 of the Dungeon.
             The game lasted 00:17:35 (4396 turns).

jinsong the Ruffian (Troll Berserker)               Turns: 4396, Time: 00:17:37

Health: -6/78      AC:  5    Str: 28    XL:     8   Next: 77%
Magic:  16/16      EV: 11    Int: 11    God:    Trog [****..]
Gold:   289        SH:  5    Dex: 12    Spells: 7/7 levels left

rFire   . . .        t - +8 spear "Xyqynul" {freeze, rN+ Int+2 Dex+3}
rCold   . . .        (no shield)
rNeg    + . .        a - +0 animal skin
rPois   .            (helmet restricted)
rElec   .            B - +0 cloak
rCorr   .            (gloves unavailable)
SInv    .            (boots unavailable)
Will    .....        o - amulet of reflection
Stlth   ++           c - ring of magical power
HPRegen 1.13/turn    i - +6 ring of intelligence
MPRegen 0.15/turn

%: reflection
@: lethally poisoned (-6 -> -10)
A: large, unfitting armour, claws 3, regeneration 1, shaggy fur 1, tough skin 1
a: Renounce Religion, Berserk, Trog's Hand, Brothers in Arms


You were on level 6 of the Dungeon.
You worshipped Trog.
Trog was greatly pleased with you.
You visited 2 branches of the dungeon, and saw 7 of its levels.

You collected 289 gold pieces.

Inventory:

Hand Weapons
 t - the +8 spear "Xyqynul" (weapon) {freeze, rN+ Int+2 Dex+3}
   (You found it on level 3 of the Dungeon)

   Int+2:     It affects your intelligence (+2).
   Dex+3:     It affects your dexterity (+3).
   rN+:       It protects you from negative energy.
 u - a +1 whip of pain
 x - a +2 dagger of speed
 C - a +4 war axe of flaming
 D - a +0 orcbow
Missiles
 h - 2 throwing nets (quivered)
 H - 5 javelins
Armour
 a - a +0 animal skin (worn)
 b - a +0 scale mail
 y - a +0 helmet
 B - a +0 cloak (worn)
 G - the +2 leather armour of the Snail {Dex+2}
   (You found it on level 5 of the Dungeon)

   Dex+2:     It affects your dexterity (+2).
Jewellery
 c - a ring of magical power (left claw)
 f - an amulet of magic regeneration
 i - a +6 ring of intelligence (right claw)
 n - a ring of magical power
 o - an amulet of reflection (around neck)
Talismans
 d - a blade talisman
Scrolls
 e - 2 scrolls of enchant armour {unknown}
 g - a scroll of teleportation {unknown}
 j - 2 scrolls of fear {unknown}
 m - 2 scrolls of revelation {unknown}
 p - 3 scrolls of identify {unknown}
 v - a scroll of blinking {unknown}
 w - a scroll of brand weapon {unknown}
 z - a scroll of noise {unknown}
 E - a scroll of summoning {unknown}
Potions
 k - 2 potions of curing {unknown}
 l - a potion of lignification {unknown}
 q - a potion of might {unknown}
 r - a potion of heal wounds {unknown}
 s - 2 potions of degeneration {unknown}
 A - 2 potions of brilliance {unknown}
 F - 2 potions of magic {unknown}


   Skills:
 + Level 4.2 Fighting
 + Level 4.9 Polearms
 + Level 5.0 Dodging
 + Level 1.6 Stealth
 + Level 3.1 Shields
 + Level 5.4 Unarmed Combat


You had 7 spell levels left.
You didn't know any spells.
Your spell library contained the following spells:

 Spells                   Type           Power      Damage    Failure   Level
 Shock                    Conj/Air       0%         1d3       34%         1
 Cigotuvi's Dreadful Rot  Necr/Alch/Air  0%         N/A       47%         2
 Swiftness                Air            0%         N/A       71%         3
 Tukima's Dance           Hex            0%         N/A       71%         3
 Airstrike                Air            0%         2d(0-16)  98%         4
 Dispel Undead            Necr           0%         3d6       98%         4
 Martyr's Knell           Necr/Summ      0%         N/A       98%         4
 Olgreb's Toxic Radiance  Alch           0%         N/A       98%         4
 Passage of Golubria      Tloc           0%         N/A       98%         4
 Yara's Violent Unravell  Hex/Alch       0%         3d3       100%        5
 Death Channel            Necr           0%         N/A       100%        6
 Ozocubu's Refrigeration  Ice            0%         4d7       100%        7
 Discord                  Hex            0%         N/A       100%        8


Dungeon Overview and Level Annotations

Branches:
Dungeon (6/15)             Temple (1/1) D:5

Altars:
Ashenzari
Dithmenos
Elyvilon
Gozag
Kikubaaqudgha
Qazlal
Ru
Sif Muna
Trog
Uskayaw
Yredelemnul
Zin

Shops:
D:1 [   D:4 :   D:6 ?


Innate Abilities, Weirdness & Mutations

You are too large for most types of armour.
You have claws for hands.
Your natural rate of healing is unusually fast.
You are covered in fur. (AC +1)
You have tough skin. (AC +1)


Message History

You kill the ogre!
Trog accepts your kill.
You feel very sick.
The water moccasin completely misses you.
You block the ice beast's attack.
The water moccasin completely misses you.
You puncture the ice beast!
The ice beast is moderately wounded.
You feel very sick. Something hits you. The ice beast barely misses you.
The water moccasin closely misses you.
You closely miss the ice beast.
The ice beast is moderately wounded.
You feel sick.
The water moccasin bites you but does no damage.
Something hits you. The ice beast hits you. The ice beast freezes you!
* * * LOW HITPOINT WARNING * * *
You closely miss the ice beast.
The ice beast is moderately wounded.
You feel sick. The water moccasin bites you.
* * * LOW HITPOINT WARNING * * *
You are more poisoned.
The water moccasin poisons you!
You closely miss the ice beast.
The ice beast is moderately wounded.
You feel very sick. You block the water moccasin's attack.
You hear some strange, mumbled words.
A magic dart appears from out of thin air!
The magic dart hits you.
* * * LOW HITPOINT WARNING * * *
The ice beast hits you but does no damage.
You barely miss the ice beast.
The ice beast is lightly wounded.
You feel very sick. You block the water moccasin's attack.
Something hits you but does no damage. The ice beast hits you.
* * * LOW HITPOINT WARNING * * *
The ice beast freezes you!
You die...

###### #######
#....# .....# #....#
..... #...)# ...##
#....# ....#
##..########...#
##..###...##S{.#
#.....#.?.).@Y.###
#.....#.......##.
#.....#...........
#..<..#............
#.....#.......##..#
######..###...##..#
..#
#...##..###...##..##
...
........#..........#
...... #
........#..........+
..... .+


You could see a water moccasin and an ice beast.

Vanquished Creatures
  Sigmund (D:4)
  2 ogres
  4 centaurs
  A phantom (D:5)
  A bullfrog (D:6)
  A scorpion (D:6)
  2 howler monkeys (D:5)
  2 bombardier beetles
  5 hounds
  3 jellies
  2 orc priests
  A gnoll bouda (D:4)
  4 iguanas
  4 orc wizards
  Robin (D:4)
  5 gnolls (D:4)
  5 adders
  A white imp (D:5)
  2 dart slugs
  3 ribbon worms
  20 orcs
  5 bats
  8 endoplasms
  4 giant cockroaches
  11 goblins
  8 hobgoblins
  8 kobolds
  4 quokkas
  4 ball pythons
  6 frilled lizards
  5 rats
133 creatures vanquished.

Notes
Turn   | Place    | Note
-------+----------+-------------------------------------------
     0 | D:1      | jinsong the Troll Berserker began the quest for the Orb.
     0 | D:1      | Reached XP level 1. HP: 22/22 MP: 0/0
   248 | D:1      | Reached XP level 2. HP: 28/29 MP: 1/1
   385 | D:1      | Reached ** piety under Trog
   445 | D:1      | Found Kutoirr's Armour Shoppe.
   462 | D:1      | Reached XP level 3. HP: 36/36 MP: 2/2
  1580 | D:3      | Found a shadowy altar of Dithmenos.
  1985 | D:3      | Reached XP level 4. HP: 41/44 MP: 3/3
  2030 | D:3      | Identified the +8 spear "Xyqynul" {freeze, rN+ Int+2 Dex+3}
  2297 | D:4      | Found a bloodstained altar of Trog.
  2313 | D:4      | Reached *** piety under Trog
  2318 | D:4      | Reached XP level 5. HP: 19/53 MP: 4/4
  2486 | D:4      | Noticed Robin
  2499 | D:4      | Killed Robin
  2579 | D:4      | Noticed Sigmund
  2586 | D:4      | Killed Sigmund
  2587 | D:4      | Reached skill level 1 in Polearms
  2587 | D:4      | Reached skill level 1 in Shields
  2587 | D:4      | Reached skill level 5 in Unarmed Combat
  2587 | D:4      | Reached XP level 6. HP: 61/61 MP: 5/5
  2718 | D:4      | Found Sakkedu's Book Shop.
  3131 | D:5      | Entered Level 5 of the Dungeon
  3145 | D:5      | Found a staircase to the Ecumenical Temple.
  3156 | Temple   | Entered the Ecumenical Temple
  3191 | D:5      | Reached skill level 1 in Stealth
  3271 | D:5      | Reached XP level 7. HP: 67/67 MP: 6/6
  3454 | D:5      | Reached XP level 8. HP: 78/78 MP: 7/7
  3630 | D:5      | Reached **** piety under Trog
  3875 | D:5      | Identified the +2 leather armour of the Snail {Dex+2}
  4220 | D:6      | Found The Oracle's Delphic Readings.
  4360 | D:6      | Reached skill level 5 in Dodging
  4396 | D:6      | Mangled by an ice beast

Illustrated notes

Levels and vault maps discovered:
D:1:      zelgadis_glass_arrival_small, layout_basic, serial_shops,
          nicolae_shop_peninsula
D:2:      layout_basic
D:3:      layout_basic, grunt_dithmenos_smoke, minmay_randomly_rotated_circles
D:4:      nicolae_BIG_FREAKIN_CUBE, layout_loops_ring,
          mainiacjoe_overflow_small_starburst, serial_shops, shop, uniq_robin,
          uniq_sigmund
D:5:      layout_loops_cross, minmay_temple_entry_drinking_statues,
          nicolae_zen_rock_garden, grunt_ministairs_4
D:6:      layout_gridville, serial_shops, shop, nicolae_nh_oracle_at_delphi
Temple:   eino_wide_crystal_templ

Skill      XL: |  1  2  3  4  5  6  7  8 |
---------------+-------------------------+-----
Dodging        | 3 4 5 |  5.0
Unarmed Combat | 4 5 |  5.4
Fighting       | 3 4 |  4.2
Polearms       | 1 3 4 |  4.9
Shields        | 1 2 3 |  3.1
Stealth        | 1 |  1.6

Action                     |  1- 3 |  4- 6 |  7- 9 || total
---------------------------+-------+-------+-------++-------
  Melee: Unarmed           |   104 |    14 |       ||   118
         Punch             |     1 |     1 |     1 ||     3
         Spear             |       |    67 |   131 ||   198
 Invoke: Berserk           |       |     2 |     2 ||     4
         Trog's Hand       |       |       |     3 ||     3
   Stab: Held in net/web   |       |     1 |       ||     1
         Sleeping          |       |       |     1 ||     1
 Armour: Animal skin       |    69 |    93 |    98 ||   260
  Dodge: Dodged            |    57 |    57 |    79 ||   193
  Block: Other             |     1 |    16 |    38 ||    55
         Reflection        |       |     1 |     6 ||     7
